 Dungeon Crawl Stone Soup version 0.29-a0-96-g93358da72b (webtiles) character file.

Game seed: 7868495408867679014

6383 pascalblue the Zephyrmancer (level 10, -12/50 HPs)
             Began as a Tengu Air Elementalist on Feb 8, 2022.
             Mangled by a freezing wraith (20 damage)
             ... on level 10 of the Dungeon on Feb 10, 2022.
             The game lasted 00:54:11 (12929 turns).

pascalblue the Zephyrmancer (TeAE)                 Turns: 12929, Time: 00:54:11

Health: -12/50     AC:  7    Str: 10    XL:     10   Next: 97%
Magic:  14/21      EV: 14    Int: 19    God:
Gold:   466        SH:  0    Dex: 14    Spells: 7/22 levels left

rFire   + . .      SeeInvis .   c - staff of air
rCold   . . .      Faith    .   (no shield)
rNeg    . . .      Spirit   .   m - +0 steam dragon scales
rPois   .          Reflect  .   (helmet restricted)
rElec   +          Harm     .   h - +0 cloak
rCorr   .          Rampage  .   E - +0 pair of gloves
Will    +....                   (boots unavailable)
Stlth   ++........              i - amulet of the acrobat
HPRegen 0.16/turn               q - ring of protection from fire
MPRegen 0.17/turn               r - ring of willpower

@: flying quickly and evasively, slowed, very slow
A: beak, talons 3, nimble flight
a: no special abilities


You were on level 10 of the Dungeon.
You visited 1 branch of the dungeon, and saw 10 of its levels.

You collected 466 gold pieces.

Inventory:

Hand Weapons
 b - a +0 dagger of venom
Missiles
 f - 196 stones
 x - 14 poisoned darts
Armour
 a - a +0 robe
 h - a +0 cloak (worn)
 m - +0 steam dragon scales (worn)
 D - +0 acid dragon scales
 E - a +0 pair of gloves (worn)
Magical Staves
 c - a staff of air (weapon)
Jewellery
 i - an amulet of the acrobat (around neck)
 n - a +6 ring of strength
 q - a ring of protection from fire (left hand)
 r - a ring of willpower (right hand)
 A - an amulet of regeneration
Wands
 o - a wand of charming (4)
 s - a wand of flame (25)
 v - a wand of polymorph (9)
 y - a wand of iceblast (17)
Scrolls
 g - 2 scrolls of fog
 l - 5 scrolls of identify
 p - a scroll of teleportation
 t - a scroll of brand weapon {unknown}
 u - 3 scrolls of blinking
 w - a scroll of fear
 z - a scroll of enchant weapon {unknown}
 B - a scroll of amnesia {unknown}
 C - a scroll of magic mapping
Potions
 d - a potion of ambrosia
 e - 3 potions of curing
 j - a potion of heal wounds {unknown}
 k - 2 potions of cancellation {unknown}


   Skills:
 - Level 2.1 Dodging
 - Level 2.0 Stealth
 + Level 6.7 Spellcasting
 + Level 9.1 Conjurations
 * Level 13.6 Air Magic
 + Level 2.5 Earth Magic
 + Level 7.0 Evocations


You had 7 spell levels left.
You knew the following spells:

 Your Spells              Type           Power      Damage    Failure   Level
a - Shock                 Conj/Air       100%       1d9       1%          1
b - Static Discharge      Conj/Air       65%        N/A       1%          2
c - Airstrike             Air            36%        N/A       1%          4
d - Swiftness             Air            72%        N/A       1%          3
e - Lee's Rapid Deconstr  Erth           8%         3d8*      69%         5

Your spell library contained the following spells:

 Spells                   Type           Power      Damage    Failure   Level
 Stone Arrow              Conj/Erth      56%        3d10      2%          3
 Animate Skeleton         Necr           12%        N/A       11%         1
 Apportation              Tloc           12%        N/A       11%         1
 Summon Small Mammal      Summ           24%        N/A       11%         1
 Animate Armour           Summ/Erth      22%        N/A       52%         4
 Leda's Liquefaction      Hex/Erth       5%         N/A       52%         4
 Statue Form              Tmut/Erth      7%         N/A       100%        6
 Lehudib's Crystal Spear  Conj/Erth      14%        10d5      100%        8


Dungeon Overview and Level Annotations

Branches:
Dungeon (10/15)            Temple (0/1) D:4
   Lair: D:8-11         Orc: D:9-12

Altars:
Dithmenos

Annotations:
D:6 1 runed translucent door, siradein's ghost, novice TrEE


Innate Abilities, Weirdness & Mutations

You have a beak for a mouth.
You have claws for feet.
Your magical nature lets you fly swiftly and evasively.


Message History

The lightning grounds out.
The orc warrior hits you with a +0 flail!
Casting: Static Discharge (safe; 1% risk of failure)
Confirm with . or Enter, or press ? or * to list all spells.
You feel a surge of power!
The orc warrior is struck by an arc of lightning!
The orc warrior is almost dead.
You resist.
You are struck by an arc of lightning.
The orc warrior is struck by an arc of lightning.
You kill the orc warrior!
The lightning grounds out.
Casting: Static Discharge (safe; 1% risk of failure)
Confirm with . or Enter, or press ? or * to list all spells.
You feel a surge of power!
The freezing wraith is struck by an arc of lightning!
The freezing wraith is heavily damaged.
The lightning grounds out.
The freezing wraith hits you but does no damage.
The freezing wraith hits you. The freezing wraith drains your vigour!
You feel yourself slow down.
Casting: Static Discharge (safe; 1% risk of failure)
Confirm with . or Enter, or press ? or * to list all spells.
You feel a surge of power!
The freezing wraith is struck by an arc of lightning.
The freezing wraith is heavily damaged.
The lightning grounds out.
The freezing wraith closely misses you. The freezing wraith misses you.
The freezing wraith hits you! The freezing wraith freezes you!
* * * LOW HITPOINT WARNING * * *
The freezing wraith hits you but does no damage.
You feel better.
The freezing wraith completely misses you.
The freezing wraith hits you!
* * * LOW HITPOINT WARNING * * *
The freezing wraith drains your vigour!
You feel as though you will be slow longer.
You feel better. The freezing wraith hits you.
* * * LOW HITPOINT WARNING * * *
The freezing wraith freezes you!!
You die...

###†..# .....## .)..## #
#)################ ##.# #
......#...#.....#.#.#.#.#
#.###.#.#)#####.##.....
#.# #.#.#...#...#....#
#.###.#.###.#.####...#
........#.....#.@Wc#
#.###.###.#.###.##.# #.#
#.#...#...#.#..#
#.###.#.#####.#.##..
......#.....#...#.#.#
################## ##


You could see a freezing wraith and a centaur.

Vanquished Creatures
  A deep elf pyromancer (D:10)
  A troll (D:9)
  Prince Ribbit (D:5)
  A wyvern (D:8)
  2 steam dragons
  A water moccasin (D:6)
  An acid dragon (D:9)
  2 ice beasts
  2 orc warriors
  A black bear (D:6)
  2 hornet zombies (D:7)
  3 sky beasts (D:6)
  5 ogres
  7 centaurs
  4 necrophages (D:9)
  2 phantoms
  A kobold brigand (D:7)
  4 bullfrogs
  A scorpion (D:4)
  A water moccasin zombie (D:6)
  6 killer bees
  6 wights
  2 centaur zombies
  A centaur skeleton (D:6)
  3 hounds
  5 orc priests
  3 jellies
  2 gnoll shamans
  3 iguanas
  Ijyb (D:5)
  Jessica (D:2)
  12 orc wizards
  2 killer bee zombies
  A hound zombie (D:5)
  2 hound skeletons (D:4)
  2 mummies (D:9)
  7 gnolls
  9 adders
  A white imp (D:5)
  3 ufetubi
  An adder skeleton (D:4)
  2 dart slugs
  24 orcs
  4 endoplasms
  5 giant cockroaches
  19 goblins
  7 hobgoblins
  3 quokkas
  6 ball pythons
  5 bats
  A frilled lizard (D:1)
  6 kobolds
  6 rats
204 creatures vanquished.

Vanquished Creatures (others)
  An orc wizard (D:6)
  A withered plant (D:9)
2 creatures vanquished.

Grand Total: 206 creatures vanquished

Notes
Turn   | Place    | Note
-------+----------+-------------------------------------------
     0 | D:1      | pascalblue the Tengu Air Elementalist began the quest for
                  | the Orb.
     0 | D:1      | Reached XP level 1. HP: 10/10 MP: 4/4
   142 | D:1      | Reached XP level 2. HP: 4/15 MP: 0/6
  1153 | D:1      | Reached skill level 5 in Air Magic
  1153 | D:1      | Reached XP level 3. HP: 19/19 MP: 5/7
  1156 | D:1      | Learned a level 2 spell: Static Discharge
  1242 | D:2      | Noticed Jessica
  1245 | D:2      | Killed Jessica
  1246 | D:2      | Reached skill level 1 in Evocations
  1304 | D:2      | You fall into a shaft and drop 2 floors!
  1498 | D:2      | Reached XP level 4. HP: 24/24 MP: 6/8
  1526 | D:2      | Learned a level 4 spell: Airstrike
  1682 | D:2      | Noticed an ogre
  1687 | D:2      | Killed an ogre
  1688 | D:2      | Reached skill level 6 in Air Magic
  1688 | D:2      | Gained mutation: Your magical nature lets you fly swiftly
                  | and evasively. [Tengu growth]
  1688 | D:2      | Reached XP level 5. HP: 28/28 MP: 3/10
  2585 | D:3      | Found a faded altar of an unknown god.
  3221 | D:4      | Upgraded the game from 0.29-a0-91-gdebf4667c2 to
                  | 0.29-a0-96-g93358da72b
  3234 | D:4      | Reached XP level 6. HP: 32/32 MP: 7/11
  3238 | D:4      | Learned a level 3 spell: Swiftness
  3269 | D:4      | Found a staircase to the Ecumenical Temple.
  3960 | D:4      | Reached skill level 7 in Air Magic
  4205 | D:4      | Reached XP level 7. HP: 36/36 MP: 7/13
  5070 | D:5      | Entered Level 5 of the Dungeon
  5096 | D:5      | Noticed Prince Ribbit
  5355 | D:5      | Killed Prince Ribbit
  5356 | D:5      | Reached skill level 8 in Air Magic
  5544 | D:5      | Reached XP level 8. HP: 41/41 MP: 7/14
  5641 | D:5      | Reached skill level 5 in Conjurations
  5959 | D:5      | Reached skill level 9 in Air Magic
  6358 | D:5      | Noticed Ijyb
  6373 | D:5      | Killed Ijyb
  7145 | D:6      | Reached skill level 10 in Air Magic
  7253 | D:6      | Reached XP level 9. HP: 45/45 MP: 12/17
  7330 | D:6      | Reached skill level 5 in Spellcasting
  7614 | D:6      | Reached skill level 5 in Evocations
  7807 | D:6      | Reached skill level 11 in Air Magic
  8668 | D:6      | Found a runed translucent door.
  8676 | D:6      | Noticed siradein's ghost (novice TrEE)
  8812 | D:7      | Noticed an eight-headed hydra
  8815 | D:7      | Learned a level 5 spell: Lee's Rapid Deconstruction
  9056 | D:7      | Reached skill level 12 in Air Magic
  9413 | D:7      | Reached XP level 10. HP: 47/50 MP: 11/19
  9670 | D:7      | Found a shadowy altar of Dithmenos.
  9680 | D:7      | Reached skill level 1 in Earth Magic
 11754 | D:9      | Reached skill level 13 in Air Magic
 12203 | D:10     | Entered Level 10 of the Dungeon
 12798 | D:10     | Noticed a deep elf pyromancer
 12804 | D:10     | Killed a deep elf pyromancer
 12929 | D:10     | Mangled by a freezing wraith

Illustrated notes

Levels and vault maps discovered:
D:1:      saegor_arrival_simple_c, layout_basic, kennysheep_small_spiral,
          minmay_misc_feat_cross, serial_bayou_pond_d
D:2:      layout_loops_ring, uniq_jessica
D:3:      kennysheep_the_goblin_king, layout_basic,
          hellmonk_ecumenical_altar_inner_sanctum
D:4:      layout_layer_cave, minmay_temple_entry_metal_lava, st_stairs_9
D:5:      layout_gridville, chequers_serial_rivers_small_3, uniq_prince_ribbit1,
          uniq_ijyb
D:6:      minmay_bubble_buster, layout_rooms, ebering_ghost_reflecting_pool,
          nicolae_benzene_ring, minmay_a_box_with_orc_wizards_in_it
D:7:      layout_basic, nicolae_dithmenos_the_darkroom,
          hangedman_abyss_or_decor_lesser_grid, nicolae_fountain_basement
D:8:      layout_loops_ring
D:9:      layout_loops_cross, serial_undead, serial_undead_b, serial_undead_a,
          serial_undead_f, serial_undead_d, minmay_large_rounded_square
D:10:     minmay_the_grid_3x2 [minmay_the_grid_tiny_cups, minmay_the_grid_paths,
          minmay_the_grid_minigrid_large, minmay_the_grid_odd_star,
          minmay_the_grid_outer_circle,
          minmay_the_grid_prize_four_corners_diamond_b], layout_rooms,
          lair_entry_dummy, serial_co_window_serial, co_window_of_opportunity_a,
          co_window_corner_a, co_window_corner_a, co_window_corner_a,
          co_window_paths_b, co_window_corner_cb, co_window_2corner,
          co_window_cross_3, co_window_unsneaky_path_b, glass_columns_b,
          glass_columns_a, glass_columns_a, glass_columns_b, glass_columns_a

Skill      XL: |  1  2  3  4  5  6  7  8  9 10 |
---------------+-------------------------------+-----
Air Magic      | 5 6 7 8 10 12 13 | 13.6
Conjurations   | 2 3 4 6 7 9 |  9.1
Evocations     | 1 2 3 4 5 7 |  7.0
Spellcasting   | 3 4 5 6 |  6.7
Earth Magic    | 2 |  2.5
Dodging        | |  2.1
Stealth        | |  2.0

Action                   |  1- 3 |  4- 6 |  7- 9 | 10-12 || total
-------------------------+-------+-------+-------+-------++-------
Melee: Staff             |       |    11 |    17 |     1 ||    29
       Peck              |       |     2 |     3 |     1 ||     6
       Kick              |       |     3 |     5 |       ||     8
       Punch             |       |     1 |       |       ||     1
 Cast: Shock             |    47 |   116 |   208 |   109 ||   480
       Airstrike         |       |       |    23 |    20 ||    43
       Swiftness         |       |       |     1 |       ||     1
       Static Discharge  |       |       |    26 |    34 ||    60
  Use: Scroll            |       |     8 |     4 |       ||    12
       Potion            |       |     1 |     2 |     2 ||     5
Armor: Robe              |     4 |     4 |    12 |       ||    20
       Steam dragon scal |       |       |     1 |    16 ||    17
Dodge: Dodged            |     7 |     7 |    72 |    40 ||   126

Table legend: (Time is in decaauts)
 A = Elapsed time spent in this place.
 B = Non-inter-level travel time spent in this place.
 C = Inter-level travel time spent in this place.
 D = Time resting spent in this place.
 E = Time spent auto-exploring this place.
 F = Levels seen in this place.
 G = Mean time per level.
                   A        B        C        D        E       F      G
               +--------+--------+--------+--------+--------+-----+--------+
         Total |  12403 |  12172 |    231 |   1290 |   9479 |  10 | 1240.3 |
       Dungeon |  12403 |  12172 |    231 |   1290 |   9479 |  10 | 1240.3 |
               +--------+--------+--------+--------+--------+-----+--------+

Top non-repeatable levels by time:
     D:6: 2240 daAuts
     D:4: 1818 daAuts
     D:5: 1437 daAuts
     D:9: 1331 daAuts
     D:1: 1235 daAuts
     D:8: 944 daAuts
     D:3: 929 daAuts
     D:2: 901 daAuts
     D:7: 861 daAuts
    D:10: 703 daAuts
